 Dungeon Crawl Stone Soup version 0.28.0-1-gb440e238dd (webtiles) character file.

Game seed: 6889954064012570997

4 Akaron the Grasshopper (level 1, -3/14 HPs)
             Began as an Octopode Warper on Feb 20, 2022.
             Slain by a quokka (4 damage)
             ... on level 1 of the Dungeon.
             The game lasted 00:00:14 (157 turns).

Akaron the Grasshopper (Octopode Warper)             Turns: 157, Time: 00:00:14

Health: -3/14      AC:  1    Str: 10    XL:     1   Next: 60%
Magic:  3/3        EV: 13    Int: 15    God:
Gold:   0          SH:  0    Dex: 11    Spells: 4/4 levels left

rFire   . . .      SeeInvis .   a - +0 mace
rCold   . . .      Faith    .   (no shield)
rNeg    . . .      Spirit   .   (helmet restricted)
rPois   .          Reflect  .   (no amulet)
rElec   .          Harm     .   (no ring)
rCorr   .          Rampage  .   (no ring)
Will    .....                   (no ring)
Stlth   ++........              (no ring)
HPRegen 0.04/turn               (no ring)
MPRegen 0.08/turn               (no ring)
                                (no ring)
                                (no ring)

@: no status effects
A: almost no armour, amphibious, 8 rings, camouflage 1, gelatinous body 1,
(nimble swimmer 1), tentacles
a: no special abilities


You were on level 1 of the Dungeon.
You visited 1 branch of the dungeon, and saw 1 of its levels.

Inventory:

Hand Weapons
 a - a +0 mace (weapon)
Missiles
 c - 5 boomerangs of dispersal (quivered)
Scrolls
 b - a scroll of blinking


   Skills:
 + Level 2.0 Fighting
 + Level 2.1 Maces & Flails
 + Level 1.0 Throwing
 + Level 2.4 Dodging
 + Level 2.0 Spellcasting
 + Level 3.1 Translocations


You had 4 spell levels left.
You didn't know any spells.
Your spell library contained the following spells:

 Spells                   Type           Power      Damage    Failure   Level
 Blink                    Tloc           20%        N/A       10%         2
 Gell's Gravitas          Tloc           10%        N/A       19%         3
 Lesser Beckoning         Tloc           10%        N/A       19%         3
 Teleport Other           Tloc           10%        N/A       19%         3
 Manifold Assault         Tloc           10%        N/A       86%         5


Dungeon Overview and Level Annotations

Branches:
Dungeon (1/15)

Altars:


Innate Abilities, Weirdness & Mutations

You cannot wear most types of armour.
You are amphibious.
You can wear up to eight rings at the same time.
Your skin changes colour to match your surroundings (Stealth+).
Your rubbery body absorbs attacks. (AC +1, EV +1)
((You are camouflaged when in or above water. (Stealth+)))
You have tentacles for arms and can constrict up to eight enemies at once.


Message History

You hit the endoplasm.
The endoplasm is moderately wounded.
The endoplasm misses you.
You hit the endoplasm but do no damage.
The endoplasm is moderately wounded.
The endoplasm freezes you.
You are frozen.
You hit the endoplasm.
You kill the endoplasm!
No target in view!
HP restored.
A goblin comes into view. It is wielding a +0 club.
A quokka and a rat come into view.
The goblin shouts!
You hear a shout!
The quokka moves out of view.
A bat comes into view.
The goblin hits you with a +0 club.
The bat moves out of view.
You hit the goblin.
You kill the goblin!
The quokka bites you.
You hit the quokka but do no damage. Your grab misses the quokka.
You squeeze the quokka.
The quokka is heavily wounded.
The quokka bites you. The rat bites you.
* * * LOW HITPOINT WARNING * * *
You are too injured to fight recklessly!
You are too injured to fight recklessly!
You are too injured to fight recklessly!
You closely miss the quokka. You grab the quokka.
The quokka is moderately wounded.
You constrict the quokka. The quokka barely misses you. The rat bites you.
* * * LOW HITPOINT WARNING * * *
A quokka comes into view.
The quokka barely misses you.
You hit the quokka but do no damage.
The quokka is heavily wounded.
You constrict the quokka. The rat bites you.
* * * LOW HITPOINT WARNING * * *
The quokka bites you.
You die...

####..###...
..........# ..........#
.........# #.......#
#.......# #.r.....#
#.@r# ########...#
########......#...#
..............#...#...
.......................
........#####........##
........# #........#
........# #........#
........# #........#


You could see a quokka and a rat.

Vanquished Creatures
  An endoplasm (D:1)
  A goblin (D:1)
  A quokka (D:1)
3 creatures vanquished.

Notes
Turn   | Place    | Note
-------+----------+-------------------------------------------
     0 | D:1      | Akaron the Octopode Warper began the quest for the Orb.
     0 | D:1      | Reached XP level 1. HP: 14/14 MP: 3/3
   157 | D:1      | Slain by a quokka

Illustrated notes

Levels and vault maps discovered:
D:1:      lemuel_arrival_behind_the_door_small, layout_basic, serial_shops,
          shop_fountains, nicolae_shop_hallway_stairs, minmay_stone_trees_medium

Action                   || total
-------------------------++-------
Melee: Mace              ||     8
       Constrict         ||     1
       Tentacles         ||     1
 Stab: Sleeping          ||     2
Dodge: Dodged            ||     3
